 Dungeon Crawl Stone Soup version 0.29-a0-275-g389c0b56f3 (webtiles) character file.

Game seed: 350986064054152715

44 spaghetti the Sneak (level 3, 0/24 HPs)
             Began as an Octopode Brigand on Mar 12, 2022.
             Slain by an endoplasm (1 damage)
             ... on level 1 of the Dungeon.
             The game lasted 00:02:29 (1475 turns).

spaghetti the Sneak (Octopode Brigand)              Turns: 1475, Time: 00:02:29

Health: 0/24       AC:  1    Str: 10    XL:     3   Next: 62%
Magic:  3/3        EV:  9    Int: 13    God:
Gold:   53         SH:  0    Dex: 15    Spells: 0/2 levels left

rFire   . . .      SeeInvis .   g - +0 whip (venom) {mace}
rCold   . . .      Faith    .   (no shield)
rNeg    . . .      Spirit   .   (helmet restricted)
rPois   .          Reflect  .   (no amulet)
rElec   .          Harm     .   f - ring of resist corrosion
rCorr   +          Rampage  .   (no ring)
Will    .....                   (no ring)
Stlth   ++++......              (no ring)
HPRegen 0.08/turn               (no ring)
MPRegen 0.08/turn               (no ring)
                                (no ring)
                                (no ring)

@: constricted
A: almost no armour, amphibious, 8 rings, camouflage 1, gelatinous body 1,
(nimble swimmer 1), tentacles
a: no special abilities


You were on level 1 of the Dungeon.
You visited 1 branch of the dungeon, and saw 2 of its levels.

You collected 53 gold pieces.


Innate Abilities, Weirdness & Mutations

You cannot wear most types of armour.
You are amphibious.
You can wear up to eight rings at the same time.
Your skin changes colour to match your surroundings (Stealth+).
Your rubbery body absorbs attacks. (AC +1, EV +1)
((You are camouflaged when in or above water. (Stealth+)))
You have tentacles for arms and can constrict up to eight enemies at once.


   Skills:
 - Level 2.0 Fighting
 - Level 2.0 Short Blades
 - Level 2.0 Throwing
 - Level 1.0 Dodging
 + Level 6.3 Stealth
 + Level 1.3 Hexes
 + Level 1.3 Ice Magic


You couldn't memorise any spells.
You knew the following spells:

 Your Spells              Type           Power      Damage    Failure   Level
a - Ensorcelled Hibernat  Hex/Ice        6%         N/A       26%         2

Your spell library contained the following spells:

 Spells                   Type           Power      Damage    Failure   Level
 Passwall                 Tmut/Erth      0%         N/A       43%         2
 Swiftness                Air            0%         N/A       67%         3

Inventory:

Hand Weapons
 a - a +2 dagger {short}
 g - a +0 whip of venom (weapon) {mace}
   (You found it on level 1 of the Dungeon)
Missiles
 b - 13 poisoned darts (quivered) {throwing}
 c - 3 curare-tipped darts {=fthrowing}
 e - 59 stones {throwing}
Jewellery
 f - a ring of resist corrosion (left tentacle)
   (You found it on level 1 of the Dungeon)

Dungeon Overview and Level Annotations

Branches:
Dungeon (2/15)

Altars:

######### #.......#
#.......###########
#...........#.....##
##.###J............####
####.##r@S............#..
#....##...)...........#.#
###.#####...b.............#
#...# #.....)............
#######.###
#......)........##.
.........##
##.............###.
.#######..##
##.....#.....## ## .# ##..#
###......#### # .# ##.####
#####..#


You could see an endoplasm, a quokka, a bat and a ball python.


Message History

The kobold barely misses you.
You closely miss the kobold. Your grab misses the kobold.
You squeeze the kobold, but do no damage.
A dart slug comes into view.
The kobold hits you with a +0 short sword. 😕 HP[-3]
You take 3 damage, and now have 21/24 hp.
You hit the kobold.
You kill the kobold!
The ball python barely misses you. The ball python grabs you.
The ball python constricts you. 😕 HP[-1]
You take 1 damage, and now have 20/24 hp.
You completely miss the ball python. Your grab misses the ball python.
Your squeeze misses the ball python.
A bat comes into view.
The ball python closely misses you. The ball python constricts you.
The quokka closely misses you. The ball python closely misses you.
The ball python constricts you. 😮 HP[-2]
You take 2 damage, and now have 18/24 hp.
You barely miss the ball python. You grab the ball python.
You squeeze the ball python, but do no damage.
You constrict the ball python, but do no damage.
The ball python closely misses you.
The ball python constricts you. 😮 HP[-1]
You take 1 damage, and now have 17/24 hp.
You hit the quokka.
The quokka is poisoned.
Your grab misses the quokka. You squeeze the quokka.
You kill the quokka!
You constrict the ball python.
The quokka bites you but does no damage.
The ball python bites you but does no damage.
The ball python constricts you. The endoplasm freezes you.
You are frozen.
* * * LOW HITPOINT WARNING * * *
The bat hits you.
* * * LOW HITPOINT WARNING * * *
The quokka bites you.
* * * LOW HITPOINT WARNING * * *
😨 HP[-7]
You take 7 damage, and now have 10/24 hp.
MASSIVE DAMAGE!! (PAUSE)
You escape the ball python's grasp.
You release your grip on the ball python.
The bat misses you. The quokka barely misses you. The bat hits you.
* * * LOW HITPOINT WARNING * * *
😨 HP[-1]
You take 1 damage, and now have 9/24 hp. 😨 HP[+1] Unknown command.
The endoplasm freezes you.
You are frozen.
* * * LOW HITPOINT WARNING * * *
😨 HP[-2]
You take 2 damage, and now have 8/24 hp.
The quokka closely misses you. The bat hits you.
* * * LOW HITPOINT WARNING * * *
The quokka closely misses you.
There is a stone staircase leading up here. 😨 HP[-1]
You take 1 damage, and now have 7/24 hp.
The bat closely misses you. The endoplasm freezes you.
You are frozen.
* * * LOW HITPOINT WARNING * * *
The ball python closely misses you. The ball python misses you.
The quokka barely misses you.
You climb upwards.
There is a stone staircase leading down here. 😱 HP[-3]
You take 3 damage, and now have 4/24 hp.
Unknown command.
Unknown command.
Unknown command.
You aren't carrying any potions.
As you read the scroll labelled GEEMEXZOD, it crumbles to dust.
It is a scroll of amnesia.
Really abort (and waste the scroll)?
Okay, then.
The bat barely misses you. The endoplasm freezes you.
You are frozen.
* * * LOW HITPOINT WARNING * * *
The ball python closely misses you. The ball python misses you.
The quokka closely misses you. 😱 HP[-2]
You take 2 damage, and now have 2/24 hp.
As you read the scroll labelled ULAUPN WESHREADEAR, it crumbles to dust.
You hear a loud clanging noise!
It was a scroll of noise.
The bat completely misses you. The ball python closely misses you.
The ball python grabs you. The ball python constricts you.
* * * LOW HITPOINT WARNING * * *
The endoplasm hits you.
You die...

Skill      XL: |  1  2  3 |
---------------+----------+-----
Stealth        | 6 |  6.3
Ice Magic      | 1 |  1.3
Hexes          | 1 |  1.3
Fighting       | |  2.0
Short Blades   | |  2.0
Throwing       | |  2.0
Dodging        | |  1.0

Action                   || total
-------------------------++-------
Melee: Dagger            ||    42
       Constrict         ||    17
       Tentacles         ||    12
       Punch             ||     1
       Whip              ||    15
Throw: Dart              ||     6
  Use: Scroll            ||     2
 Stab: Sleeping          ||    16
Armor: Skin              ||     4
Dodge: Dodged            ||    43

Levels and vault maps discovered:
D:1:      mrwooster_arrival_statue_2, layout_rooms,
          chequers_ecumenical_altar_grove, interstate_on_off
D:2:      layout_rooms, basic_altar, uniq_robin

Notes
Turn   | Place    | Note
-------+----------+-------------------------------------------
     0 | D:1      | spaghetti the Octopode Brigand began the quest for the Orb.
     0 | D:1      | Reached XP level 1. HP: 14/14 MP: 1/1
     0 | D:1      | magus.rc [v1.9.6]
    58 | D:1      | HP: 2/14 [hobgoblin (4)]
   357 | D:1      | You pick up a book of Burglary and begin reading...
   357 | D:1      | You add the spells Passwall, Ensorcelled Hibernation and
                  | Swiftness to your library.
   414 | D:1      | Reached XP level 2. HP: 16/19 MP: 2/2
   662 | D:1      | Reached skill level 6 in Stealth
   799 | D:1      | Found a faded altar of an unknown god.
   982 | D:1      | Reached skill level 1 in Ice Magic
   982 | D:1      | Reached XP level 3. HP: 24/24 MP: 3/3
  1006 | D:1      | Reached skill level 1 in Hexes
  1239 | D:1      | Learned a level 2 spell: Ensorcelled Hibernation
  1472 | D:2      | HP: 4/24 [frozen (3)]
  1475 | D:1      | HP: 1/24 [constriction (1)]
  1475 | D:1      | Slain by an endoplasm

Vanquished Creatures
  2 dart slugs (D:1)
  2 ball pythons (D:1)
  A bat (D:1)
  3 endoplasms (D:1)
  3 giant cockroaches
  4 goblins (D:1)
  2 hobgoblins
  4 jackals (D:1)
  6 kobolds
  4 quokkas
  2 frilled lizards (D:1)
  A rat (D:1)
34 creatures vanquished.

Table legend:
 A = Non-vault XP
 B = Vault XP
 C = Vault XP percentage of total XP
 D = Non-vault monster count
 E = Vault monster count
 F = Vault count percentage of total count
                 A         B        C        D         E       F
            +---------+---------+-------+---------+---------+-------
      Total |      64 |       0 |   0.0 |      34 |       0 |   0.0
            +---------+---------+-------+---------+---------+-------
        D:1 |      57 |       0 |   0.0 |      30 |       0 |   0.0
        D:2 |       7 |       0 |   0.0 |       4 |       0 |   0.0
            +---------+---------+-------+---------+---------+-------

Illustrated notes

Table legend:
 A = Kills in this place as a percentage of kills in entire the game.
 B = Kills by you in this place as a percentage of kills by you in the entire game.
 C = Kills by friends in this place as a percentage of kills by friends in the entire game.
 D = Other kills in this place as a percentage of other kills in the entire game.
 E = Experience gained in this place as a percentage of experience gained in the entire game.
 F = Experience gained in this place divided by the number of levels of this place that you have seen.
                   A       B       C       D       E      F
               +-------+-------+-------+-------+-------+----------------------
         Total | 100.0 | 100.0 |   N/A |   N/A | 100.0 |  32.0
       Dungeon | 100.0 | 100.0 |   N/A |   N/A | 100.0 |  32.0
               +-------+-------+-------+-------+-------+----------------------

Table legend: (Time is in decaauts)
 A = Elapsed time spent in this place.
 B = Non-inter-level travel time spent in this place.
 C = Inter-level travel time spent in this place.
 D = Time resting spent in this place.
 E = Time spent auto-exploring this place.
 F = Levels seen in this place.
 G = Mean time per level.
                   A        B        C        D        E       F      G
               +--------+--------+--------+--------+--------+-----+--------+
         Total |   1470 |   1438 |     32 |    609 |    636 |   2 |  735.0 |
       Dungeon |   1470 |   1438 |     32 |    609 |    636 |   2 |  735.0 |
               +--------+--------+--------+--------+--------+-----+--------+

Top non-repeatable levels by time:
     D:1: 1447 daAuts
     D:2: 23 daAuts
